 Dungeon Crawl Stone Soup version 0.31-a0-246-g8cbcc1cb85 (webtiles) character file.

Game seed: 10307959314595339717

112 spiderkeys the Ducker (level 4, -5/32 (35) HPs)
             Began as a Demonspawn Gladiator on July 12, 2023.
             Slain by a wight
             ... wielding a +3 dire flail
              (12 damage)
             ... on level 4 of the Dungeon.
             The game lasted 00:03:07 (2559 turns).

spiderkeys the Ducker (Demonspawn Gladiator)        Turns: 2559, Time: 00:03:07

HP:   -5/32 (35)    AC:  9    Str: 16    XL:     4   Next: 63%
MP:   4/4           EV:  8    Int: 10    God:
Gold: 217           SH:  0    Dex: 14    Spells: 3/3 levels left

rFire   . . .        l - +7 Throatcutter {drain, coup de grace}
rCold   . . .        (no shield)
rNeg    . . .        r - +0 chain mail
rPois   .            c - +0 helmet
rElec   .            (no cloak)
rCorr   .            (no gloves)
SInv    .            (no boots)
Will    .....        (no amulet) Stlth
                     (no ring)
HPRegen 0.25/turn    (no ring)
MPRegen 0.09/turn

%: no passive effects
@: drained
A: claws 1, demonic guardian 1
a: no special abilities


You were on level 4 of the Dungeon.
You visited 1 branch of the dungeon, and saw 4 of its levels.

You collected 217 gold pieces.


Innate Abilities, Weirdness & Mutations

You have sharp fingernails.
A weak demonic guardian rushes to your aid.


   Skills:
 + Level 3.3 Fighting
 + Level 0.9 Long Blades
 - Level 3.2 Polearms
 - Level 2.0 Throwing
 + Level 0.7 Armour
 - Level 3.3 Dodging


You had 3 spell levels left.
You didn't know any spells.
Your spell library contained the following spells:

 Spells                   Type           Power      Damage    Failure   Level
 Kiss of Death            Conj/Necr      0%         2d5       99%         1
 Confusing Touch          Hex            0%         N/A       100%        3
 Dispel Undead            Necr           0%         3d6       100%        4

Inventory:

Hand Weapons
 a - a +0 trident
 l - the +7 Throatcutter (weapon) {drain, coup de grace}
   (You took it off Terence on level 2 of the Dungeon)
Missiles
 d - 3 throwing nets (quivered) {=f!f}
 e - a javelin
 g - 25 stones
 s - 6 poisoned darts
Armour
 b - a +0 leather armour
 c - a +0 helmet (worn)
 h - a +0 ring mail
   (You found it on level 1 of the Dungeon)
 i - a +0 robe
   (You found it on level 1 of the Dungeon)
 j - a +0 robe
   (You found it on level 1 of the Dungeon)
 m - a +0 leather armour
   (You found it on level 2 of the Dungeon)
 q - a +0 ring mail
   (You found it on level 2 of the Dungeon)
 r - a +0 chain mail (worn)
   (You took it off Terence on level 2 of the Dungeon)
 t - a +0 chain mail
   (You found it on level 2 of the Dungeon)
 w - a +0 ring mail
   (You found it on level 2 of the Dungeon)
 B - a +0 leather armour
   (You found it on level 4 of the Dungeon)
 D - a +0 scale mail
   (You took it off an orc on level 4 of the Dungeon)
Jewellery
 R - a ring of resist corrosion
   (You found it on level 2 of the Dungeon)
Wands
 p - a wand of charming (9)
   (You found it on level 2 of the Dungeon)
 y - a wand of digging (5)
   (You found it on level 3 of the Dungeon)
Scrolls
 f - 3 scrolls of noise {!r}
 k - a scroll of brand weapon {unknown}
 u - 3 scrolls of identify {unknown}
 v - a scroll of blinking {unknown}
 x - 2 scrolls of teleportation {unknown}
Potions
 n - 2 potions of curing {unknown}
 o - a potion of heal wounds {unknown}
 z - 2 potions of degeneration {unknown}
 A - 2 potions of enlightenment {unknown}
 C - a potion of brilliance {unknown}

Dungeon Overview and Level Annotations

Branches:
Dungeon (4/15) Zot: 21416
 Temple: D:4-7

Altars:

#.#.#...#
#..#.#####
.......##
##.......##
.......
##..###...
#######
####.####...
#.........#
#........##
#...ยง.ยง...#
#....5#....#
###.#@##....
#.#z# #..#
#.#w# #..
#.#.. #.
#...# ##..#
#.# #..


You could see a worm, a wight (ally target) and a friendly quasit (summoned).


Message History

You now have 217 gold pieces (gained 11).
Found a stone staircase leading up.
A goblin comes into view. It is wielding a +0 club.
The goblin shouts!
You hear a shout!
The goblin unwields a +0 club.
The goblin wields a +0 sling.
The goblin shoots a sling bullet.
The sling bullet hits you but does no damage.
A goblin is nearby!
The goblin shoots a sling bullet.
The sling bullet hits you but does no damage.
The goblin shoots a sling bullet.
The sling bullet hits you. ๐Ÿ˜• HP[-5]
You take 5 damage, and now have 30/35 hp.
A hobgoblin comes into view.
The goblin shoots a sling bullet.
The sling bullet barely misses you.
The goblin shoots a sling bullet.
The sling bullet hits you but does no damage.
The goblin shoots a sling bullet.
The sling bullet hits you but does no damage. ๐Ÿ˜• HP[+1]
You slash the goblin!
You kill the goblin!
The hobgoblin throws a stone.
The stone hits you but does no damage.
You slash the hobgoblin!
You kill the hobgoblin! ๐Ÿ˜• HP[+1] No target in view!
No target in view!
No target in view!
Things that are here:
a +0 sling; a +0 club; a goblin corpse
g - 25 stones (gained 4) Key pressed, stopping explore.
An adder comes into view.
The adder moves out of view. ๐Ÿ˜Ž HP[+3]
Your hp is fully restored (35).
An adder is nearby!
You slash the adder!
You put the adder out of its misery!
You kill the adder!
No target in view!
No target in view!
No target in view!
An adder comes into view.
The adder hisses angrily.
An adder is nearby!
An adder is nearby!
You see here an adder corpse.
You miss the adder. The adder bites you but does no damage.
The adder bites you.
A demonic guardian appears! ๐Ÿ˜• HP[-1]
You take 1 damage, and now have 34/35 hp.
You hit the adder. The adder bites you but does no damage.
Your ufetubus hits the adder. x2
The adder dies!
No target in view!
You swap places.
u - 3 scrolls labelled SONUR YWIULO (gained 1)
A dart slug comes into view. ๐Ÿ˜Ž HP[+1]
Your hp is fully restored (35).
A dart slug is nearby!
A dart slug is nearby!
A wight comes into view. It is wielding a +3 dire flail.
The dart slug launches a dart at you.
The slug dart hits you but does no damage.
A worm comes into view.
The worm moves out of view.
Your ufetubus hits the dart slug. x2
The dart slug dies!
The wight hits you with a +3 dire flail.
You see here a dart slug corpse. ๐Ÿ˜• HP[-1]
You take 1 damage, and now have 34/35 hp.
You hit the wight.
The wight hits you with a +3 dire flail.
You feel drained.
The wight hits you with a +3 dire flail!
A demonic guardian appears! ๐Ÿ˜ฎ HP[-14]
You now have 34 max hp (-1).
You take 14 damage, and now have 20/34 hp.
MASSIVE DAMAGE!! (PAUSE)
You closely miss the wight.
Your ufetubus disappears in a puff of smoke!
The wight hits you with a +3 dire flail!
* * * LOW HITPOINT WARNING * * *
You feel drained.
* * * LOW HITPOINT WARNING * * *
๐Ÿ˜ฑ HP[-13]
You now have 32 max hp (-2).
You take 13 damage, and now have 7/32 hp.
MASSIVE DAMAGE!! (PAUSE)
Press: ? - help, v - describe, . - travel, g - get item
Here: a wight, wielding a +3 dire flail and wearing a +0 robe (lightly damaged, ally target) Item here: a quarterstaff.
The floor.
You slash the wight!
The wight hits you with a +3 dire flail!
You die...

Skill      XL: |  1  2  3 |
---------------+----------+-----
Throwing       | 2 |  2.0
Polearms       | 3 |  3.2
Dodging        | 3 |  3.3
Fighting       | 3 |  3.3
Long Blades    | |  0.9
Armour         | |  0.7

Action                     |  1- 3 |  4- 6 || total
---------------------------+-------+-------++-------
  Melee: Trident           |    99 |       ||    99
         Long sword        |     3 |    19 ||    22
  Throw: Dart              |     5 |       ||     5
    Use: Scroll            |     1 |       ||     1
   Stab: Sleeping          |     2 |       ||     2
         Distracted        |     1 |       ||     1
 Armour: Leather armour    |    29 |       ||    29
         Chain mail        |       |    10 ||    10
  Dodge: Dodged            |    45 |     7 ||    52

Levels and vault maps discovered:
D:1:      scummos_arrival_checkerplants, layout_loops_corners,
          ebering_ecumenical_altar_abandoned, minmay_stone_trees_medium
D:2:      kennysheep_big_flooded_room, layout_basic, uniq_terence
D:3:      layout_basic
D:4:      layout_rooms, grunt_temple_overflow_gold_and_silver, serial_glass,
          glass_columns_c, glass_columns_a, due_unseen_surprise,
          minmay_misc_feat_hallway, minmay_manual_mandibuliform

Notes
Turn   | Place    | Note
-------+----------+-------------------------------------------
     0 | D:1      | spiderkeys the Demonspawn Gladiator began the quest for the
                  | Orb.
     0 | D:1      | Reached XP level 1. HP: 16/16 MP: 1/1
     0 | D:1      | magus.rc [v1.11.3]
    65 | D:1      | Reached skill level 2 in Throwing
    77 | D:1      | Gained mutation: A weak demonic guardian rushes to your
                  | aid. [demonic ancestry]
    77 | D:1      | Reached XP level 2. HP: 14/22 MP: 2/2
   329 | D:1      | Reached skill level 3 in Polearms
   358 | D:1      | Found a faded altar of an unknown god.
   371 | D:1      | Reached skill level 3 in Dodging
  1092 | D:2      | Reached XP level 3. HP: 28/28 MP: 3/3
  1347 | D:2      | Noticed Terence
  1357 | D:2      | HP: 6/26 [Terence/the +7 Throatcutter {drain, coup de
                  | grace} (14)]
  1357 | D:2      | HP: 1/25 [Terence/the +7 Throatcutter {drain, coup de
                  | grace} (5)]
  1358 | D:2      | Killed Terence
  1648 | D:2      | Reached skill level 3 in Fighting
  1648 | D:2      | Gained mutation: You have sharp fingernails. [demonic
                  | ancestry]
  1648 | D:2      | Reached XP level 4. HP: 30/35 MP: 4/4
  1673 | D:2      | You pick up a book of Touch and begin reading...
  1673 | D:2      | You add the spells Kiss of Death, Confusing Touch and
                  | Dispel Undead to your library.
  2558 | D:4      | HP: 8/34 [wight/+3 dire flail (12)]
  2559 | D:4      | Slain by a wight

Vanquished Creatures
  Terence (D:2)
  A gnoll (D:2)
  An adder (D:4)
  A worm (D:2)
  A dart slug (D:1)
  4 orcs (D:4)
  5 bats
  2 endoplasms (D:1)
  A giant cockroach (D:1)
  3 goblins
  7 hobgoblins
  3 jackals
  A quokka (D:3)
  5 ball pythons
  3 frilled lizards
  4 kobolds
  A rat (D:1)
44 creatures vanquished.

Vanquished Creatures (collateral kills)
  An adder (D:4)
  A dart slug (D:4)
  A frilled lizard (D:1)
3 creatures vanquished.

Grand Total: 47 creatures vanquished

Table legend:
 A = Non-vault XP
 B = Vault XP
 C = Vault XP percentage of total XP
 D = Non-vault monster count
 E = Vault monster count
 F = Vault count percentage of total count
                 A         B        C        D         E       F
            +---------+---------+-------+---------+---------+-------
      Total |     103 |      57 |  35.6 |      43 |       4 |   8.5
            +---------+---------+-------+---------+---------+-------
        D:1 |      40 |       0 |   0.0 |      25 |       0 |   0.0
        D:2 |      14 |      53 |  79.1 |       6 |       3 |  33.3
        D:3 |       7 |       0 |   0.0 |       4 |       0 |   0.0
        D:4 |      42 |       4 |   8.7 |       8 |       1 |  11.1
            +---------+---------+-------+---------+---------+-------

Skill      XL: |  1  2  3 |
---------------+----------+-----
Throwing       | 2 |  2.0
Polearms       | 3 |  3.2
Dodging        | 3 |  3.3
Fighting       | 3 |  3.3
Long Blades    | |  0.9
Armour         | |  0.7

Action                     |  1- 3 |  4- 6 || total
---------------------------+-------+-------++-------
  Melee: Trident           |    99 |       ||    99
         Long sword        |     3 |    19 ||    22
  Throw: Dart              |     5 |       ||     5
    Use: Scroll            |     1 |       ||     1
   Stab: Sleeping          |     2 |       ||     2
         Distracted        |     1 |       ||     1
 Armour: Leather armour    |    29 |       ||    29
         Chain mail        |       |    10 ||    10
  Dodge: Dodged            |    45 |     7 ||    52

Illustrated notes

Table legend:
 A = Kills in this place as a percentage of kills in the entire game.
 B = Kills by you in this place as a percentage of kills by you in the entire game.
 C = Kills by friends in this place as a percentage of kills by friends in the entire game.
 D = Other kills in this place as a percentage of other kills in the entire game.
 E = Experience gained in this place as a percentage of experience gained in the entire game.
 F = Experience gained in this place divided by the number of levels of this place that you have seen.
                   A       B       C       D       E      F
               +-------+-------+-------+-------+-------+----------------------
         Total | 100.0 | 100.0 | 100.0 |   N/A | 100.0 |  40.0
       Dungeon | 100.0 | 100.0 | 100.0 |   N/A | 100.0 |  40.0
               +-------+-------+-------+-------+-------+----------------------

Table legend: (Time is in decaauts)
 A = Elapsed time spent in this place.
 B = Non-inter-level travel time spent in this place.
 C = Inter-level travel time spent in this place.
 D = Time resting spent in this place.
 E = Time spent auto-exploring this place.
 F = Levels seen in this place.
 G = Mean time per level.
                   A        B        C        D        E       F      G
               +--------+--------+--------+--------+--------+-----+--------+
         Total |   2582 |   2508 |     74 |    106 |   2060 |   4 |  645.5 |
       Dungeon |   2582 |   2508 |     74 |    106 |   2060 |   4 |  645.5 |
               +--------+--------+--------+--------+--------+-----+--------+

Top non-repeatable levels by time:
     D:1: 1098 daAuts
     D:3: 678 daAuts
     D:2: 663 daAuts
     D:4: 141 daAuts
